 Dungeon Crawl Stone Soup version 0.27-a0-1051-g288ea87c7c (webtiles) character file.

Game seed: 5947319342678984456

432 siradein the Chiller (level 6, 0/41 HPs)
             Began as a Demonspawn Ice Elementalist on Apr 21, 2021.
             Slain by Grinder (6 damage)
             ... on level 2 of the Dungeon.
             The game lasted 00:14:26 (3801 turns).

siradein the Chiller (Demonspawn Ice Elementalist)  Turns: 3801, Time: 00:14:27

Health: 0/41       AC:  9    Str:  8    XL:     6   Next: 67%
Magic:  5/13       EV: 11    Int: 19    God:
Gold:   143        SH:  4    Dex: 15    Spells: 7/14 levels left

rFire    + . .     SeeInvis .   d - staff of fire
rCold    . . .     Faith    .   (no shield)
rNeg     . . .     Spirit   .   j - +0 leather armour
rPois    .         Reflect  .   g - +0 helmet
rElec    .         Harm     .   (no cloak)
rCorr    .         Rampage  .   (no gloves)
Will     .....                  o - +0 pair of boots
Stlth    +++.......             (no amulet)
HPRegen  0.13/turn              (no ring)
MPRegen  0.13/turn              (no ring)

@: no status effects
A: thin skeletal structure 1, icemail 1, powered by death 1, condensation shield
a: no special abilities


You were on level 2 of the Dungeon.
You visited 1 branch of the dungeon, and saw 4 of its levels.

You collected 143 gold pieces.

Inventory:

Missiles
 a - 3 javelins
 k - 2 throwing nets
Armour
 g - a +0 helmet (worn)
 j - a +0 leather armour (worn)
 o - a +0 pair of boots (worn)
Magical Staves
 d - a staff of fire (weapon)
Wands
 n - a wand of digging (6)
Scrolls
 b - 2 scrolls of enchant armour {unknown}
 c - 4 scrolls of teleportation {unknown}
 f - a scroll of identify {unknown}
 m - a scroll of blinking {unknown}
Potions
 e - a potion of haste {unknown}
 h - a potion of flight {unknown}
 i - a potion of heal wounds {unknown}
 l - 2 potions of brilliance {unknown}
 p - 2 potions of might {unknown}


   Skills:
 - Level 1.7 Dodging
 - Level 1.7 Stealth
 + Level 4.9 Spellcasting
 + Level 5.8 Ice Magic


You had 7 spell levels left.
You knew the following spells:

 Your Spells              Type           Power      Damage    Failure   Level
a - Freeze                Ice            100%       1d11      1%          1
b - Frozen Ramparts       Ice            52%        1d7       4%          3
c - Ozocubu's Armour      Ice            26%        N/A       4%          3

Your spell library contained the following spells:

 Spells                   Type           Power      Damage    Failure   Level
 Hailstorm                Conj/Ice       15%        3d5       50%         4
 Metabolic Englaciation   Hex/Ice        7%         N/A       83%         5


Dungeon Overview and Level Annotations

Branches:
Dungeon (4/15)
 Temple: D:4-7

Altars:
Beogh

Annotations:
D:2 Grinder


Innate Abilities, Weirdness & Mutations

You have a somewhat thin skeletal structure. (Dex +2, Stealth+)
A meltable icy envelope protects you from harm. (AC +4)
You regenerate a little health from kills.
A meltable shield of frost defends you. (SH +4)


Message History

Grinder completely resists.
The wall freezes Grinder but does no damage.
Grinder hits you.
You writhe in agony.
Casting: Freeze (safe; 1% risk of failure)
Confirm with . or Enter, or press ? or * to list all spells.
A film of ice covers your body!
The frozen ramparts melt away.
Grinder hits you but does no damage.
An adder skeleton comes into view.
Aiming: Freeze (safe; 1% risk of failure)
Press: ? - help, Q - select action, (/) - cycle Shift-Dir - straight line, f/p - Grinder
Aim: Grinder (lightly wounded)
You freeze Grinder.
Grinder resists.
Grinder is lightly wounded.
Grinder hits you but does no damage.
Aiming: Freeze (safe; 1% risk of failure)
Press: ? - help, Q - select action, (/) - cycle Shift-Dir - straight line, f/p - Grinder
Aim: Grinder (lightly wounded)
You freeze Grinder but do no damage.
Grinder completely resists.
Grinder hits you.
Unknown command.
Your icy armour will break if you move.
Continue?
Your icy armour cracks and falls away as you move.
There is a stone staircase leading up here.
Grinder hits you!
You writhe in agony.
You climb upwards.
There is a stone staircase leading down here.
There is a stone staircase leading up here.
Grinder hits you!
* * * LOW HITPOINT WARNING * * *
You writhe in agony.
* * * LOW HITPOINT WARNING * * *
You climb upwards.
There is a stone staircase leading down here.
Grinder says, "Wait up."
There is a stone staircase leading down here.
You see here a +0 helmet.
Grinder hits you.
* * * LOW HITPOINT WARNING * * *
You writhe in agony.
You die...

# #.# #.# #.# ##.###.#
###.# # #.#
#.#####.####.###.# #.# #
#.# #..<...#.........#
#.# # #.#
##.####.##.#.##### #.# #
#.# #.# #.##.#.# #.# #
#.# #.# #.##.#.# ##.#
#.# #.####.##.#.# #..#
#.# #.........#.# #.##
#.# #.....5@..#.# #.##
###.# #......>..#.# #.##
....# #.....>...#.# #.##
.####
##.......##.#########.##
.#
#.......##.....<......#
.#
#.......############..#
##
#####...................
#......##..#############
#.####.##..# #


You could see Grinder.

Vanquished Creatures
  A black bear (D:3)
  3 orc priests (D:3)
  Jessica (D:3)
  2 orc wizards (D:3)
  A howler monkey zombie (D:3)
  6 gnolls
  4 adders
  A worm (D:4)
  2 dart slugs
  8 orcs (D:3)
  2 endoplasms
  3 giant cockroaches
  A goblin (D:1)
  5 hobgoblins
  5 jackals
  6 kobolds
  2 quokkas
  7 ball pythons
  3 bats (D:1)
  2 frilled lizards
  7 rats
72 creatures vanquished.

Vanquished Creatures (others)
  6 plants (D:3)
6 creatures vanquished.

Grand Total: 78 creatures vanquished

Notes
Turn   | Place    | Note
-------+----------+-------------------------------------------
     0 | D:1      | siradein the Demonspawn Ice Elementalist began the quest
                  | for the Orb.
     0 | D:1      | Reached XP level 1. HP: 13/13 MP: 3/3
   355 | D:1      | Gained mutation: A meltable shield of frost defends you.
                  | (SH +4) [demonic ancestry]
   355 | D:1      | Reached XP level 2. HP: 17/19 MP: 0/5
   465 | D:1      | Found a faded altar of an unknown god.
   724 | D:1      | Reached skill level 4 in Ice Magic
  1220 | D:2      | Gained mutation: A meltable icy envelope protects you from
                  | harm. (AC +4) [demonic ancestry]
  1220 | D:2      | Reached XP level 3. HP: 24/24 MP: 5/7
  2066 | D:2      | Learned a level 3 spell: Frozen Ramparts
  2070 | D:2      | Learned a level 3 spell: Ozocubu's Armour
  2121 | D:2      | Reached XP level 4. HP: 30/30 MP: 4/8
  2432 | D:3      | Gained mutation: You have a somewhat thin skeletal
                  | structure. (Dex +2, Stealth+) [demonic ancestry]
  2432 | D:3      | Reached XP level 5. HP: 18/35 MP: 6/10
  2465 | D:3      | Reached skill level 5 in Ice Magic
  2750 | D:3      | Noticed a black bear
  2757 | D:3      | Killed a black bear
  2758 | D:3      | Gained mutation: You regenerate a little health from kills.
                  | [demonic ancestry]
  2758 | D:3      | Reached XP level 6. HP: 41/41 MP: 2/12
  2835 | D:3      | Noticed Jessica
  2860 | D:3      | Killed Jessica
  3783 | D:4      | Noticed Grinder
  3801 | D:2      | Slain by Grinder

Illustrated notes

Levels and vault maps discovered:
D:1:      dpeg_arrival_leaves_temple_mockup, layout_loops_ring,
          ebering_ecumenical_altar_petrified
D:2:      layout_loops_ring, grunt_decor_mini_mirrors
D:3:      layout_basic, serial_bayou_pond_b, minmay_misc_feat_rugged,
          kennysheep_orc_chapel, uniq_jessica
D:4:      layout_rooms, led_sif_pool, uniq_grinder

Skill      XL: |  1  2  3  4  5 |
---------------+----------------+-----
Ice Magic      | 4 5 |  5.8
Spellcasting   | 3 4 |  4.9
Dodging        | |  1.7
Stealth        | |  1.7

Action                   |  1- 3 |  4- 6 || total
-------------------------+-------+-------++-------
Melee: Staff             |       |    18 ||    18
 Cast: Freeze            |    64 |    30 ||    94
       Frozen Ramparts   |     1 |     9 ||    10
       Ozocubu's Armour  |       |     3 ||     3
Armor: Robe              |     8 |       ||     8
       Leather armour    |     4 |    18 ||    22
Dodge: Dodged            |    32 |    28 ||    60
Block: Other             |     8 |     8 ||    16

Table legend: (Time is in decaauts)
 A = Elapsed time spent in this place.
 B = Non-inter-level travel time spent in this place.
 C = Inter-level travel time spent in this place.
 D = Time resting spent in this place.
 E = Time spent auto-exploring this place.
 F = Levels seen in this place.
 G = Mean time per level.
                   A        B        C        D        E       F      G
               +--------+--------+--------+--------+--------+-----+--------+
         Total |   3807 |   3725 |     82 |     55 |   3103 |   4 |  951.8 |
       Dungeon |   3807 |   3725 |     82 |     55 |   3103 |   4 |  951.8 |
               +--------+--------+--------+--------+--------+-----+--------+

Top non-repeatable levels by time:
     D:3: 1442 daAuts
     D:1: 1214 daAuts
     D:2: 1064 daAuts
     D:4: 86 daAuts
